 Dungeon Crawl Stone Soup version 0.29-a0-721-g7f417c9bbb (webtiles) character file.

Game seed: 4929168544002249173

1085 gobodom the Ruffian (level 8, -1/74 HPs)
             Began as a Troll Gladiator on June 28, 2022.
             Slain by a yak (8 damage)
             ... on level 5 of the Dungeon.
             The game lasted 00:13:41 (3271 turns).

gobodom the Ruffian (Troll Gladiator)               Turns: 3271, Time: 00:13:42

Health: -1/74      AC:  7    Str: 23    XL:     8   Next: 9%
Magic:  5/8        EV: 11    Int:  6    God:
Gold:   209        SH:  0    Dex: 17    Spells: 7/9 levels left

rFire   . . .      SeeInvis .   A - +1 hand axe (freeze)
rCold   . . .      Faith    .   (no shield)
rNeg    . . .      Spirit   .   a - +0 robe
rPois   .          Reflect  .   b - +0 hat
rElec   .          Harm     .   r - +2 cloak
rCorr   .          Rampage  .   (gloves unavailable)
Will    .....                   (boots unavailable)
Stlth   ++........              (no amulet)
HPRegen 1.02/turn               k - +6 ring of dexterity
MPRegen 0.11/turn               n - ring of wizardry

@: hasted, very quick
A: large, unfitting armour, claws 3, regeneration 1, shaggy fur 1, tough skin 1
a: no special abilities


You were on level 5 of the Dungeon.
You visited 1 branch of the dungeon, and saw 5 of its levels.

You collected 209 gold pieces.

Inventory:

Hand Weapons
 A - a +1 hand axe of freezing (weapon)
Missiles
 o - 4 atropa-tipped darts (quivered)
 s - a large rock
Armour
 a - a +0 robe (worn)
 b - a +0 hat (worn)
 r - a +2 cloak (worn)
Magical Staves
 m - a staff of air
 z - a staff of fire
Jewellery
 j - a ring of resist corrosion
 k - a +6 ring of dexterity (left claw)
 n - a ring of wizardry (right claw)
 q - a +6 ring of dexterity
 B - a +6 ring of dexterity
Wands
 d - a wand of charming (5)
 y - a wand of iceblast (4)
Scrolls
 e - 2 scrolls of fear {unknown}
 f - 4 scrolls of teleportation {unknown}
 i - a scroll of vulnerability {unknown}
 l - a scroll of poison {unknown}
 p - a scroll of noise {unknown}
Potions
 g - 2 potions of mutation
 h - a potion of heal wounds
 t - 2 potions of brilliance
 u - a potion of flight
 v - 2 potions of haste
 w - 2 potions of attraction
 x - a potion of might {unknown}


   Skills:
 + Level 2.4 Fighting
 + Level 2.0 Axes
 + Level 2.7 Throwing
 + Level 4.0 Dodging
 + Level 1.9 Stealth
 + Level 6.1 Unarmed Combat
 + Level 1.2 Spellcasting
 + Level 1.2 Hexes
 + Level 0.9 Ice Magic


You had 7 spell levels left.
You knew the following spells:

 Your Spells              Type           Power      Damage    Failure   Level
a - Ensorcelled Hibernat  Hex/Ice        2%         N/A       17%         2

Your spell library contained the following spells:

 Spells                   Type           Power      Damage    Failure   Level
 Passwall                 Tmut/Erth      0%         N/A       26%         2
 Confusing Touch          Hex            1%         N/A       32%         3
 Tukima's Dance           Hex            1%         N/A       32%         3
 Portal Projectile        Hex/Tloc       2%         N/A       38%         3
 Summon Guardian Golem    Hex/Summ       1%         N/A       38%         3
 Swiftness                Air            0%         N/A       45%         3
 Yara's Violent Unravell  Hex/Tmut       0%         3d3       97%         5
 Blade Hands              Tmut           0%         N/A       99%         5
 Enfeeble                 Hex            0%         N/A       100%        7
 Haunt                    Necr/Summ      0%         N/A       100%        7


Dungeon Overview and Level Annotations

Branches:
Dungeon (5/15)
 Temple: D:4-7

Altars:
Hepliaklqana
Trog
Zin

Shops:
D:1 =   D:2 (:


Innate Abilities, Weirdness & Mutations

You are too large for most types of armour.
You have claws for hands.
Your natural rate of healing is unusually fast.
You are covered in fur. (AC +1)
You have tough skin. (AC +1)


Message History

You slash the yak! You freeze the yak.
The yak is almost dead.
The yak gores you!
* * * LOW HITPOINT WARNING * * *
You hit the yak. You freeze the yak.
You kill the yak!
Your Axes skill increases to level 2!
You have reached level 8!
You slash the yak! You freeze the yak.
The yak is moderately wounded.
You slash the yak! You freeze the yak.
The yak is heavily wounded.
The yak barely misses you.
You barely miss the yak.
The yak is heavily wounded.
The yak barely misses you.
You closely miss the yak.
The yak is heavily wounded.
The yak gores you!
* * * LOW HITPOINT WARNING * * *
You hit the yak but do no damage.
The yak is heavily wounded.
The yak completely misses you.
You closely miss the yak.
The yak is heavily wounded.
You hit the yak. You freeze the yak.
The yak is severely wounded.
The yak gores you but does no damage.
You hit the yak but do no damage.
The yak is severely wounded.
The yak gores you.
* * * LOW HITPOINT WARNING * * *
You completely miss the yak.
The yak is severely wounded.
The yak gores you!
* * * LOW HITPOINT WARNING * * *
You hit the yak. You freeze the yak.
The yak is almost dead.
The yak gores you!
You die...

#.# #.# #.# #.#
#.# #.# ### #.#
..#
#.##############.#
#..@Y............#
################.#
#.# #Y# #.# #Y#
#.... #.#.# #.#?#


You could see a yak.

Vanquished Creatures
  4 yaks (D:5)
  A black bear (D:3)
  An ice beast (D:5)
  A necrophage (D:4)
  3 orc priests
  2 jellies (D:5)
  5 adders
  A worm (D:3)
  A dart slug (D:2)
  7 orcs
  6 ball pythons
  5 endoplasms
  A giant cockroach (D:4)
  5 goblins
  5 hobgoblins
  A quokka (D:4)
  4 bats (D:1)
  2 frilled lizards (D:1)
  4 kobolds
  3 rats
  A spectral kobold (D:3)
63 creatures vanquished.

Notes
Turn   | Place    | Note
-------+----------+-------------------------------------------
     0 | D:1      | gobodom the Troll Gladiator began the quest for the Orb.
     0 | D:1      | Reached XP level 1. HP: 19/19 MP: 0/0
    14 | D:1      | Got the Handbook of Companions
    23 | D:1      | Found Yxkaxtef's Jewellery Boutique.
   148 | D:1      | Reached XP level 2. HP: 27/27 MP: 1/1
   742 | D:2      | Found Nineak's Weapon Shop.
   807 | D:2      | Reached XP level 3. HP: 30/33 MP: 2/2
  1256 | D:2      | Found Poppyheo's Book Boutique.
  1398 | D:3      | Identified the +8 shortbow of Dismay {flame, rF- Int+4
                  | SInv}
  1451 | D:3      | Reached skill level 4 in Unarmed Combat
  1451 | D:3      | Reached XP level 4. HP: 41/42 MP: 3/3
  1481 | D:3      | Found a faded altar of an unknown god.
  1680 | D:3      | Found a hazy altar of Hepliaklqana.
  1863 | D:3      | Noticed a black bear
  1872 | D:3      | Killed a black bear
  1873 | D:3      | Reached XP level 5. HP: 34/49 MP: 4/4
  2403 | D:4      | Reached skill level 1 in Stealth
  2403 | D:4      | Reached skill level 5 in Unarmed Combat
  2403 | D:4      | Reached XP level 6. HP: 47/57 MP: 5/5
  2435 | D:4      | Learned a level 2 spell: Ensorcelled Hibernation
  2969 | D:4      | Found a bloodstained altar of Trog.
  3020 | D:5      | Entered Level 5 of the Dungeon
  3059 | D:5      | Noticed an ice beast
  3076 | D:5      | Killed an ice beast
  3138 | D:5      | Found a glowing silver altar of Zin.
  3182 | D:5      | Noticed a yak
  3193 | D:5      | Killed a yak
  3194 | D:5      | Reached skill level 1 in Hexes
  3194 | D:5      | Reached XP level 7. HP: 47/65 MP: 7/7
  3195 | D:5      | Noticed a yak
  3195 | D:5      | Noticed a yak
  3196 | D:5      | Noticed a yak
  3200 | D:5      | Noticed a yak
  3220 | D:5      | Killed a yak
  3221 | D:5      | Reached skill level 1 in Axes
  3221 | D:5      | Reached skill level 1 in Spellcasting
  3249 | D:5      | Killed a yak
  3250 | D:5      | Reached skill level 6 in Unarmed Combat
  3257 | D:5      | HP: 1/65 [yak (6)]
  3261 | D:5      | Killed a yak
  3262 | D:5      | Reached XP level 8. HP: 17/74 MP: 5/8
  3271 | D:5      | Slain by a yak

Illustrated notes

Levels and vault maps discovered:
D:1:      lightli_arrival_windingriver, layout_rooms, serial_shops,
          nicolae_shop_stone, corexii_item_surrounded_by_moat,
          kennysheep_minor_cross
D:2:      layout_basic, serial_shops, shop, nicolae_square_shop
D:3:      cheibrodos_old_hovel, layout_loops_ring,
          nicolae_hepliaklqana_monster_ancestors,
          hellmonk_ecumenical_altar_leap_of_faith
D:4:      layout_gridville, lemuel_coloured_pillars_altar
D:5:      wander_guarded_unrand_ratskin, layout_loops_ring, zin_treasury,
          minmay_circle_x

Skill      XL: |  1  2  3  4  5  6  7 |
---------------+----------------------+-----
Throwing       | 2 |  2.7
Dodging        | 3 4 |  4.0
Unarmed Combat | 4 5 6 |  6.1
Stealth        | 1 |  1.9
Fighting       | 2 |  2.4
Hexes          | 1 |  1.2
Axes           | 2 |  2.0
Spellcasting   | 1 |  1.2
Ice Magic      | |  0.9

Action                   |  1- 3 |  4- 6 |  7- 9 || total
-------------------------+-------+-------+-------++-------
Melee: Unarmed           |    73 |    53 |       ||   126
       Punch             |       |     3 |     1 ||     4
       Hand axe          |       |    34 |    43 ||    77
Throw: Large rock        |       |     2 |       ||     2
       Throwing net      |       |     1 |     2 ||     3
 Cast: Ensorcelled Hiber |       |     6 |     3 ||     9
Evoke: Wand              |       |       |     2 ||     2
  Use: Scroll            |       |     7 |       ||     7
       Potion            |       |       |     3 ||     3
 Stab: Sleeping          |       |     2 |     1 ||     3
       Held in net/web   |       |     1 |     1 ||     2
Armor: Robe              |    24 |    29 |     8 ||    61
Dodge: Dodged            |    55 |    35 |    24 ||   114

Table legend: (Time is in decaauts)
 A = Elapsed time spent in this place.
 B = Non-inter-level travel time spent in this place.
 C = Inter-level travel time spent in this place.
 D = Time resting spent in this place.
 E = Time spent auto-exploring this place.
 F = Levels seen in this place.
 G = Mean time per level.
                   A        B        C        D        E       F      G
               +--------+--------+--------+--------+--------+-----+--------+
         Total |   3278 |   3230 |     48 |      0 |   2256 |   5 |  655.6 |
       Dungeon |   3278 |   3230 |     48 |      0 |   2256 |   5 |  655.6 |
               +--------+--------+--------+--------+--------+-----+--------+

Top non-repeatable levels by time:
     D:4: 992 daAuts
     D:3: 707 daAuts
     D:1: 663 daAuts
     D:2: 647 daAuts
     D:5: 267 daAuts
